 Dungeon Crawl Stone Soup version 0.23.2-33-g5129a83184 (webtiles) character file.

Game seed: 5663584049727429666

70 redmage the Charmwright (level 4, -3/38 HPs)
             Began as a Gnoll Skald on June 27, 2019.
             Slain by a goblin (4 damage)
             ... on level 3 of the Dungeon.
             The game lasted 00:06:26 (404 turns).

redmage the Charmwright (Gnoll Skald)                Turns: 404, Time: 00:06:27

Health: -3/38      AC:  3    Str: 13    XL:     4   Next: 22%
Magic:  2/11       EV: 14    Int: 15    God:
Gold:   24         SH:  0    Dex: 16    Spells: 2/13 levels left

rFire    . . .     SeeInvis .   a - +0 falchion
rCold    . . .     Gourm    .   (no shield)
rNeg     . . .     Faith    .   b - +0 leather armour
rPois    .         Spirit   .   (no helmet)
rElec    .         Reflect  .   (no cloak)
rCorr    .         Harm     .   (no gloves)
MR       .....                  (no boots)
Stlth    ++........             (no amulet)
HPRegen  0.12/turn              (no ring)
MPRegen  0.12/turn              (no ring)

@: no status effects
A: distributed training, fangs 1, strong nose
a: no special abilities


You were on level 3 of the Dungeon.
You were not hungry.

You visited 1 branch of the dungeon, and saw 4 of its levels.

You collected 24 gold pieces.

Inventory:

Hand Weapons
 a - a +0 falchion (weapon)
 i - a +1 whip of freezing
Armour
 b - a +0 leather armour (worn)
Wands
 j - a wand of random effects (18)
Scrolls
 e - a scroll of identify
 f - a scroll of remove curse
Potions
 c - a potion of cancellation
Comestibles
 d - a ration


   Skills:
 + Level 4.6 Fighting
 + Level 1.0 Short Blades
 + Level 4.6 Long Blades
 + Level 1.0 Axes
 + Level 1.0 Maces & Flails
 + Level 1.0 Polearms
 + Level 1.0 Staves
 + Level 1.0 Slings
 + Level 1.0 Bows
 + Level 1.0 Crossbows
 + Level 1.0 Throwing
 + Level 2.7 Armour
 + Level 4.6 Dodging
 + Level 1.0 Stealth
 + Level 1.0 Shields
 + Level 1.0 Unarmed Combat
 + Level 5.0 Spellcasting
 + Level 0.8 Conjurations
 + Level 0.8 Hexes
 + Level 5.4 Charms
 + Level 0.8 Summonings
 + Level 0.8 Necromancy
 + Level 0.8 Translocations
 + Level 0.8 Transmutations
 + Level 0.8 Fire Magic
 + Level 0.8 Ice Magic
 + Level 0.8 Air Magic
 + Level 0.8 Earth Magic
 + Level 0.8 Poison Magic
 + Level 1.1 Invocations
 + Level 1.0 Evocations


You had 2 spell levels left.
You knew the following spells:

 Your Spells              Type           Power        Failure   Level  Hunger
a - Infusion              Chrm           ###.         2%          1    None
b - Song of Slaying       Chrm           ###.....     3%          2    ##.....
c - Shroud of Golubria    Chrm/Tloc      ##........   9%          2    ##.....
d - Regeneration          Chrm/Necr      ##........   17%         3    ###....
e - Spectral Weapon       Hex/Chrm       ##......     17%         3    ###....

Your spell library contained the following spells:

 Spells                   Type           Power        Failure   Level  Hunger


Dungeon Overview and Level Annotations

Branches:
Dungeon (4/15)
 Temple: D:4-7

Altars:


Innate Abilities, Weirdness & Mutations

Your experience applies equally to all skills.
You have very sharp teeth.
Your uncanny sense of smell can sniff out nearby items.


Message History

You hear a shout! x3
The jackal completely misses you. The adder bites you.
* * * LOW HITPOINT WARNING * * *
The leopard gecko bites you.
* * * LOW HITPOINT WARNING * * *
Your shroud falls apart!
An ooze comes into view.
The jackal bites you but does no damage.
The adder misses you.
An orc comes into view.
As you read the scroll labeled ERUOKU UMOFIHIXI, it crumbles to dust.
You feel blessed for a moment.
It was a scroll of remove curse.
The jackal bites you but does no damage.
The leopard gecko bites you.
* * * LOW HITPOINT WARNING * * *
The adder misses you.
An adder and a jackal come into view.
The jackal barks!
The goblin hits you.
You die...

≈≈≈ ≈≈. ≈≈ ≈≈ ≈≈
≈≈# .#
##.###.###.##
...#...#...#...#
................
#
................
.
........l.......
#
...J...@S.......
.S.#.hg#h..#...#
##.###h## # #≈≈
≈≈# ..≈ ≈≈.≈
#≈≈≈ ≈≈≈≈. #≈≈
≈≈≈.#.. ##.
..P## # ...#


You could see an ooze, 2 adders, a leopard gecko, 3 jackals and a goblin.

Vanquished Creatures
  An iguana (D:4)
  Ijyb (D:3)
  2 orcs (D:3)
  2 bats (D:1)
  2 hobgoblins (D:3)
  A quokka (D:3)
  A frilled lizard (D:1)
  4 goblins
  3 kobolds
17 creatures vanquished.

Notes
Turn   | Place    | Note
-------+----------+-------------------------------------------
     0 | D:1      | redmage the Gnoll Skald began the quest for the Orb.
     0 | D:1      | Reached XP level 1. HP: 20/20 MP: 6/6
   127 | D:1      | You fall through a shaft!
   253 | D:4      | Noticed a phantom
   253 | D:4      | Noticed a worker ant
   269 | D:3      | Reached XP level 2. HP: 26/26 MP: 4/7
   283 | D:3      | Learned a level 2 spell: Song of Slaying
   286 | D:3      | Learned a level 2 spell: Shroud of Golubria
   292 | D:3      | Noticed Ijyb
   306 | D:3      | Killed Ijyb
   306 | D:3      | Reached skill level 5 in Spellcasting
   306 | D:3      | Reached XP level 3. HP: 21/31 MP: 1/9
   321 | D:3      | Reached skill level 1 in Invocations
   337 | D:3      | Learned a level 3 spell: Regeneration
   341 | D:3      | Learned a level 3 spell: Spectral Weapon
   378 | D:4      | Reached skill level 1 in Short Blades
   378 | D:4      | Reached skill level 1 in Axes
   378 | D:4      | Reached skill level 1 in Maces & Flails
   378 | D:4      | Reached skill level 1 in Polearms
   378 | D:4      | Reached skill level 1 in Staves
   378 | D:4      | Reached skill level 1 in Slings
   378 | D:4      | Reached skill level 1 in Bows
   378 | D:4      | Reached skill level 1 in Crossbows
   378 | D:4      | Reached skill level 1 in Throwing
   378 | D:4      | Reached skill level 1 in Stealth
   378 | D:4      | Reached skill level 1 in Shields
   378 | D:4      | Reached skill level 1 in Unarmed Combat
   378 | D:4      | Reached skill level 1 in Evocations
   378 | D:4      | Reached XP level 4. HP: 5/38 MP: 1/11
   396 | D:3      | HP: 1/38 [adder (4)]
   403 | D:3      | HP: 1/38 [leopard gecko (3)]
   404 | D:3      | Slain by a goblin

Skill      XL: |  1  2  3 |
---------------+----------+-----
Spellcasting   | 5 |  5.0
Invocations    | 1 |  1.1
Short Blades   | 1 |  1.0
Axes           | 1 |  1.0
Maces & Flails | 1 |  1.0
Polearms       | 1 |  1.0
Staves         | 1 |  1.0
Slings         | 1 |  1.0
Bows           | 1 |  1.0
Crossbows      | 1 |  1.0
Throwing       | 1 |  1.0
Stealth        | 1 |  1.0
Shields        | 1 |  1.0
Unarmed Combat | 1 |  1.0
Evocations     | 1 |  1.0
Fighting       | |  4.6
Long Blades    | |  4.6
Armour         | |  2.7
Dodging        | |  4.6
Conjurations   | |  0.8
Hexes          | |  0.8
Charms         | |  5.4
Summonings     | |  0.8
Necromancy     | |  0.8
Translocations | |  0.8
Transmutations | |  0.8
Fire Magic     | |  0.8
Ice Magic      | |  0.8
Air Magic      | |  0.8
Earth Magic    | |  0.8
Poison Magic   | |  0.8

Action                   |  1- 3 |  4- 6 || total
-------------------------+-------+-------++-------
Melee: Falchion          |    58 |     7 ||    65
       Bite              |     3 |       ||     3
 Cast: Infusion          |     2 |       ||     2
       Shroud of Golubri |     1 |     1 ||     2
       Regeneration      |     1 |       ||     1
  Use: Scroll            |       |     3 ||     3
       Potion            |       |     1 ||     1
Armor: Leather armour    |    10 |     2 ||    12
Dodge: Dodged            |    34 |    13 ||    47
       Rpst.: Falchion   |    10 |     3 ||    13
